 Dungeon Crawl Stone Soup version 0.26-a0-1213-gd52f5182fe (webtiles) character file.

Game seed: 16520235551446694945

10909 Goblin1989 the Slicer (level 12, -10/79 HPs)
             Began as a Kobold Gladiator on Dec 31, 2020.
             Was an Elder of Wu Jian.
             Mangled by a polar bear simulacrum (19 damage)
             ... in an ice cave.
             The game lasted 00:28:34 (14855 turns).

Goblin1989 the Slicer (Kobold Gladiator)           Turns: 14855, Time: 00:28:35

Health: -10/79     AC: 10    Str: 21    XL:     12   Next: 1%
Magic:  12/12      EV: 25    Int: 10    God:    Wu Jian [****..]
Gold:   1768       SH:  5    Dex: 17    Spells: 11/11 levels left

rFire    . . .     SeeInvis .   a - +1 rapier (flame)
rCold    . . .     Faith    .   (shield restricted)
rNeg     . . .     Spirit   .   w - +1 scale mail (curse)
rPois    .         Reflect  +   c - +0 helmet
rElec    .         Harm     .   (no cloak)
rCorr    .         Rampage  .   k - +0 pair of gloves (curse)
Will     .....                  (no boots)
Stlth    +.........             V - amulet of reflection
HPRegen  0.23/turn              G - +6 ring of strength
MPRegen  0.13/turn              D - +4 ring of evasion

@: serpent's lash
A: small, nightstalker 3
a: Renounce Religion, Wall Jump, Serpent's Lash


You were in an ice cave.
You worshipped Wu Jian.
Wu Jian was greatly pleased with you.
You visited 2 branches of the dungeon, and saw 12 of its levels.
You also visited: Ice Cave.

You collected 1768 gold pieces.

Inventory:

Hand Weapons
 a - a +1 rapier of flaming (weapon)
 b - a +2 dagger of electrocution
 l - a +1 vampiric dagger
 m - a +1 short sword of venom
 q - a +2 vampiric trident
 v - a +2 antimagic dagger
 P - a +0 hunting sling
Missiles
 F - 2 boomerangs
 W - 387 stones {@Q3}
 X - 93 poisoned darts
 Y - 72 sling bullets
 Z - a throwing net (quivered) {!d , @Q1}
Armour
 c - a +0 helmet (worn)
 k - a cursed +0 pair of gloves (worn)
 w - a cursed +1 scale mail (worn)
 O - a +0 plate armour
Jewellery
 e - an uncursed amulet of magic regeneration
 n - a +6 ring of dexterity
 A - an uncursed amulet of the acrobat
 D - a +4 ring of evasion (right hand)
 G - a +6 ring of strength (left hand)
 H - an uncursed ring of willpower
 N - an uncursed amulet of faith {!P}
 U - an uncursed amulet of guardian spirit
 V - an amulet of reflection (around neck)
Wands
 p - a wand of flame (6) {@v6}
 r - a wand of digging (4) {@v1}
 x - a wand of iceblast (5) {@v4}
Scrolls
 d - a scroll of immolation
 y - 2 scrolls of amnesia {unknown}
 B - a scroll of blinking {unknown}
 C - a scroll of silence {unknown}
 E - 5 scrolls of remove curse {@r3}
 J - a scroll of noise {unknown}
 M - a scroll of magic mapping
 Q - 2 scrolls of fog {unknown}
 R - 7 scrolls of identify {@r1}
 S - 2 scrolls of enchant weapon
 T - 3 scrolls of teleportation {!r, @r2}
Potions
 f - a potion of might {unknown}
 h - a potion of lignification
 i - a potion of ambrosia
 s - 2 potions of cancellation
 t - a potion of haste {@q3,}
 u - 2 potions of mutation {!q}
 z - a potion of magic
 I - 4 potions of curing {@q1}
 K - 6 potions of flight
 L - a potion of brilliance


   Skills:
 + Level 10.6 Fighting
 + Level 13.7 Short Blades
 - Level 2.1 Throwing
 - Level 5.0 Armour
 + Level 11.7 Dodging


You had 11 spell levels left.
You didn't know any spells.
Your spell library contained the following spells:

 Spells                   Type           Power        Failure   Level
 Animate Skeleton         Necr           0%           69%         1
 Apportation              Tloc           0%           69%         1
 Corona                   Hex            0%           69%         1
 Magic Dart               Conj           0%           69%         1
 Summon Small Mammal      Summ           0%           69%         1
 Blink                    Tloc           N/A          83%         2
 Call Imp                 Summ           0%           83%         2
 Poisonous Vapours        Pois/Air       0%           83%         2
 Searing Ray              Conj           0%           83%         2
 Slow                     Hex            0%           83%         2
 Confusing Touch          Hex            0%           96%         3
 Conjure Flame            Conj/Fire      0%           96%         3
 Dazzling Flash           Conj/Hex       0%           96%         3
 Gell's Gravitas          Tloc           0%           96%         3
 Inner Flame              Hex/Fire       0%           96%         3
 Mephitic Cloud           Conj/Pois/Air  0%           96%         3
 Portal Projectile        Hex/Tloc       0%           96%         3
 Cause Fear               Hex            0%           100%        4
 Fulminant Prism          Conj/Hex       0%           100%        4
 Iskenderun's Mystic Bla  Conj/Tloc      0%           100%        4
 Leda's Liquefaction      Hex/Erth       0%           100%        4
 Petrify                  Tmut/Erth      0%           100%        4
 Metabolic Englaciation   Hex/Ice        0%           100%        5
 Yara's Violent Unravell  Hex/Tmut       0%           100%        5
 Freezing Cloud           Conj/Ice/Air   0%           100%        6


Dungeon Overview and Level Annotations

Branches:
Dungeon (11/15)            Temple (1/1) D:7            Lair (0/6) D:8
  IceCv (1/1)
    Orc: D:9-12

Altars:
Cheibriados
Dithmenos
Elyvilon
Fedhas
Gozag
Hepliaklqana
Kikubaaqudgha
Makhleb
Nemelex Xobeh
Okawaru
Qazlal
Ru
Sif Muna
Trog
Vehumet
Wu Jian
Xom
Yredelemnul
Zin
The Shining One

Annotations:
D:3 1 runed translucent door
D:6 3 runed translucent doors


Innate Abilities, Weirdness & Mutations

You are small and have problems with some larger weapons.
You are completely attuned to the shadows.


Message History

The elephant simulacrum tramples you but does no damage.
The elephant simulacrum closely misses you.
You hit the elephant simulacrum but do no damage.
The elephant simulacrum is heavily damaged.
The elephant simulacrum tramples you but does no damage.
The elephant simulacrum misses you. The polar bear simulacrum misses you.
You block the polar bear simulacrum's attack. x2
You hit the elephant simulacrum but do no damage.
The elephant simulacrum is heavily damaged.
You hit the elephant simulacrum.
You melt the elephant simulacrum.
The elephant simulacrum is heavily damaged.
The elephant simulacrum barely misses you.
The elephant simulacrum completely misses you. x2
The elephant simulacrum barely misses you.
You puncture the elephant simulacrum!
You melt the elephant simulacrum.
The elephant simulacrum vapourises!
The Council accepts your kill.
You block the polar bear simulacrum's attack.
The polar bear simulacrum claws you but does no damage.
The polar bear simulacrum barely misses you.
You hit the elephant simulacrum.
You melt the elephant simulacrum.
The elephant simulacrum is moderately damaged.
The elephant simulacrum closely misses you.
The elephant simulacrum misses you.
You puncture the elephant simulacrum!
You melt the elephant simulacrum.
The elephant simulacrum is heavily damaged.
The polar bear simulacrum bites you. The polar bear simulacrum freezes you!!
The polar bear simulacrum closely misses you. x2
You take 26 damage, and have 36/79 hp.
MASSIVE DAMAGE!!
You are too injured to fight recklessly!
You are too injured to fight recklessly!
You are too injured to fight recklessly!
You are too injured to fight recklessly!
You are too injured to fight recklessly!
You are too injured to fight recklessly!
You are too injured to fight recklessly!
You are too injured to fight recklessly!
You are too injured to fight recklessly!
You are too injured to fight recklessly!
You are too injured to fight recklessly!
You are too injured to fight recklessly!
You are too injured to fight recklessly!
You are too injured to fight recklessly!
You are too injured to fight recklessly!
You are too injured to fight recklessly!
You are too injured to fight recklessly!
You are too injured to fight recklessly!
You are too injured to fight recklessly!
You are too injured to fight recklessly!
You are too injured to fight recklessly!
You are too injured to fight recklessly!
You are too injured to fight recklessly!
There is an ice choked empty arch of ancient stone here.
You hit the elephant simulacrum.
You melt the elephant simulacrum.
The elephant simulacrum is severely damaged.
You hit the elephant simulacrum but do no damage.
The elephant simulacrum is severely damaged.
The elephant simulacrum completely misses you. x2
You hit the elephant simulacrum but do no damage.
The elephant simulacrum is severely damaged.
The polar bear simulacrum misses you. The polar bear simulacrum claws you.
* * * LOW HITPOINT WARNING * * *
The polar bear simulacrum freezes you!
* * * LOW HITPOINT WARNING * * *
You block the polar bear simulacrum's attack.
You take 14 damage, and have 23/79 hp.
You hit the elephant simulacrum.
You melt the elephant simulacrum.
The elephant simulacrum vapourises!
The Council accepts your kill.
You barely miss the polar bear simulacrum.
You puncture the polar bear simulacrum!
You melt the polar bear simulacrum.
The polar bear simulacrum is heavily damaged.
You block the polar bear simulacrum's attack.
The polar bear simulacrum claws you.
* * * LOW HITPOINT WARNING * * *
The polar bear simulacrum freezes you!
* * * LOW HITPOINT WARNING * * *
The polar bear simulacrum misses you.
You take 19 damage, and have 5/79 hp.
MASSIVE DAMAGE!!
You hit the polar bear simulacrum but do no damage.
The polar bear simulacrum is heavily damaged.
Unknown command.
You spin and attack the polar bear simulacrum repeatedly.
You hit the polar bear simulacrum.
You melt the polar bear simulacrum.
The polar bear simulacrum is severely damaged.
You hit the polar bear simulacrum.
You melt the polar bear simulacrum.
The polar bear simulacrum is almost destroyed.
The polar bear simulacrum misses you.
The polar bear simulacrum claws you but does no damage.
The polar bear simulacrum closely misses you.
You feel better.
You regained 6 hp, and now have 12/79 hp.
Your muscles tense, ready for explosive movement...
You hit the polar bear simulacrum but do no damage.
The polar bear simulacrum is almost destroyed.
The polar bear simulacrum completely misses you.
The polar bear simulacrum claws you.
* * * LOW HITPOINT WARNING * * *
The polar bear simulacrum freezes you!!
You die... █████

██...██
██..∩..██
█.......█
█...∩...█
██..Z..██
██.@.██
█...█
██...█
█...█
...██


You could see a polar bear simulacrum.

Vanquished Creatures
  A two-headed ogre (D:8)
  A wolf spider zombie (D:9)
  Pikel (D:5)
  A kobold demonologist (D:8)
  A hornet (D:7)
  Prince Ribbit (D:7)
  2 vampires
  12 yaks
  2 steam dragons
  Menkaure (D:7)
  Duvessa (D:5)
  7 sky beasts
  5 orc warriors
  An eye of draining (D:9)
  An alligator simulacrum (IceCv)
  2 necrophages
  4 centaurs
  3 ice beasts
  A black bear (D:10)
  6 ogres
  8 big kobolds (D:8)
  5 bullfrogs
  A wyvern skeleton (D:6)
  Dowan (D:5)
  2 scorpions
  A water moccasin skeleton (D:7)
  10 killer bees
  2 elephant simulacra (IceCv)
  A wight (D:9)
  2 howler monkeys (D:8)
  A centaur zombie (D:8)
  A jelly (D:4)
  A quasit (D:6)
  A bullfrog skeleton (D:10)
  A hound (D:4)
  6 orc priests
  A gnoll shaman (D:4)
  12 orc wizards
  5 iguanas
  11 worker ants
  A hound skeleton (D:10)
  A worker ant zombie (D:10)
  2 howler monkey skeletons
  A howler monkey zombie (D:10)
  17 adders
  14 gnolls
  3 shadow imps
  13 white imps
  3 ufetubi
  2 oozes
  An adder skeleton (D:9)
  2 worms
  2 dart slugs (D:3)
  3 leopard geckos
  43 orcs
  A ball python (D:1)
  6 giant cockroaches
  10 goblins
  8 hobgoblins
  7 jackals
  29 kobolds
  6 quokkas
  7 bats
  8 frilled lizards
  6 kobold skeletons (D:8)
  12 kobold zombies (D:8)
  A leopard gecko zombie (D:7)
  6 rats
342 creatures vanquished.

Vanquished Creatures (others)
  6 fungi (D:3)
  28 plants
34 creatures vanquished.

Grand Total: 376 creatures vanquished

Notes
Turn   | Place    | Note
-------+----------+-------------------------------------------
     0 | D:1      | Goblin1989 the Kobold Gladiator began the quest for the
                  | Orb.
     0 | D:1      | Reached XP level 1. HP: 12/12 MP: 1/1
    29 | D:1      | Found a shimmering altar of Xom.
   387 | D:1      | Reached XP level 2. HP: 17/17 MP: 2/2
   554 | D:1      | Reached skill level 5 in Short Blades
  1046 | D:2      | Reached XP level 3. HP: 21/21 MP: 3/3
  1597 | D:2      | Reached skill level 6 in Short Blades
  1617 | D:3      | Reached XP level 4. HP: 8/26 MP: 4/4
  2182 | D:3      | Reached skill level 7 in Short Blades
  2182 | D:3      | Reached XP level 5. HP: 22/30 MP: 5/5
  2419 | D:3      | Found a shadowy altar of Dithmenos.
  2992 | D:3      | Found a blossoming altar of Fedhas.
  3122 | D:3      | Found a runed translucent door.
  4028 | D:2      | Reached XP level 6. HP: 36/36 MP: 6/6
  4600 | D:4      | Found a hazy altar of Hepliaklqana.
  4627 | D:4      | Reached skill level 8 in Short Blades
  4638 | D:4      | Noticed an ogre
  4650 | D:4      | Killed an ogre
  4651 | D:4      | Reached XP level 7. HP: 28/42 MP: 7/7
  4765 | D:4      | Reached skill level 5 in Dodging
  5245 | D:4      | Noticed a yak
  5245 | D:4      | Noticed a yak
  5246 | D:4      | Noticed a yak
  5249 | D:4      | Noticed a yak
  5250 | D:4      | Noticed a yak
  5266 | D:4      | Killed a yak
  5267 | D:4      | Reached XP level 8. HP: 48/48 MP: 8/8
  5270 | D:4      | Killed a yak
  5271 | D:4      | Reached skill level 5 in Fighting
  5271 | D:4      | Reached skill level 9 in Short Blades
  5282 | D:4      | Killed a yak
  5283 | D:4      | Killed a yak
  5295 | D:4      | Killed a yak
  5348 | D:4      | Reached skill level 10 in Short Blades
  5420 | D:4      | Found an opulent altar of Gozag.
  5625 | D:5      | Entered Level 5 of the Dungeon
  5646 | D:4      | Reached XP level 9. HP: 49/55 MP: 9/9
  6504 | D:5      | Noticed Duvessa
  6506 | D:5      | Noticed Dowan
  6529 | D:5      | Killed Duvessa
  6535 | D:5      | Killed Dowan
  6786 | D:5      | Noticed Pikel
  6808 | D:5      | Killed Pikel
  6809 | D:5      | Reached skill level 11 in Short Blades
  7309 | D:5      | Reached XP level 10. HP: 51/64 MP: 10/10
  7487 | D:6      | Found a runed translucent gate.
  7487 | D:6      | Found a runed translucent gate.
  7488 | D:6      | Found a runed translucent gate.
  7532 | D:6      | Reached skill level 1 in Armour
  8149 | D:6      | Found a radiant altar of Vehumet.
  8909 | D:7      | Paralysed by a hornet for 3 turns
  9136 | D:7      | Found a staircase to the Ecumenical Temple.
  9142 | Temple   | Entered the Ecumenical Temple
  9441 | Temple   | Became a worshipper of the Wu Jian Council
  9513 | D:7      | Noticed Prince Ribbit
  9532 | D:7      | Killed Prince Ribbit
  9607 | D:7      | Found a glowing silver altar of Zin.
  9648 | D:7      | Reached skill level 12 in Short Blades
  9675 | D:7      | Noticed Menkaure
  9688 | D:7      | Killed Menkaure
  9715 | D:7      | Reached skill level 10 in Dodging
 10342 | D:8      | Noticed a two-headed ogre
 10384 | D:8      | Killed a two-headed ogre
 10720 | D:8      | Reached XP level 11. HP: 54/71 MP: 11/11
 11005 | D:8      | Found a staircase to the Lair.
 11456 | D:8      | Reached * piety under Wu Jian
 11770 | D:8      | Reached ** piety under Wu Jian
 11794 | D:8      | Found an ancient bone altar of Kikubaaqudgha.
 12585 | D:9      | Reached skill level 13 in Short Blades
 13047 | D:9      | Found a snail-covered altar of Cheibriados.
 13199 | D:9      | Reached skill level 10 in Fighting
 13340 | D:10     | Entered Level 10 of the Dungeon
 13351 | D:10     | Reached *** piety under Wu Jian
 13661 | D:10     | Reached skill level 5 in Armour
 14541 | D:10     | Goblin1989: !hs kobe goblin1989
 14541 | D:10     | meem: No keyword 'goblin1989'
 14541 | D:10     | Goblin1989: !hs kobe Goblin1989
 14541 | D:10     | meem: No keyword 'Goblin1989'
 14541 | D:10     | Goblin1989: !hs Goblin1989 kobe
 14541 | D:10     | meem: 40. Goblin1989 the Hawkeye (L27 KoBe of Trog),
                  | impaled on a Hell Sentinel's spines on Abyss:2 on
                  | 2015-08-09 00:32:14, with 586689 points after 102265 turns
                  | and 14:28:32.
 14541 | D:10     | Goblin1989: !hs Goblin1989 kobe -log
 14541 | D:10     | meem: 40. Goblin1989, XL27 KoBe, T:102265:
                  | http://crawl.berotato.org/crawl/morgue/Goblin1989/morgue-Go
                  | blin1989-20150809-003214.txt
 14562 | D:11     | Identified a scroll of acquirement
 14562 | D:11     | Acquired 1040 gold pieces
 14684 | D:11     | Found a frozen archway.
 14699 | D:11     | Reached **** piety under Wu Jian
 14825 | IceCv    | Entered an ice cave
 14831 | IceCv    | Reached XP level 12. HP: 61/79 MP: 12/12
 14855 | IceCv    | Mangled by a polar bear simulacrum

Illustrated notes

Levels and vault maps discovered:
D:1:      dpeg_arrival_tiny_f, layout_basic, minmay_misc_feat_rows,
          xom_teletrap_fun
D:2:      layout_loops_ring, serial_forest, infiniplex_forest_lined_4_way,
          infiniplex_forest_end_double, infiniplex_forest_clump_small,
          infiniplex_forest_clump_curved, infiniplex_forest_pool,
          infiniplex_forest_clump_double, infiniplex_forest_clump_small,
          infiniplex_forest_lined_2, infiniplex_forest_join,
          minmay_pentomino_pile
D:3:      layout_loops_ring, fedhas_altar_3, nicolae_dithmenos_shadow_blocks,
          ebering_ghost_reflecting_pool, kennysheep_minor_cross
D:4:      layout_gridville, nicolae_overflow_hidden_temple,
          general_overflow_altar
D:5:      layout_loops_ring, columned_hall_lemuel, uniq_pikel, uniq_duvessa
D:6:      layout_basic, vehumet_altar_wand_db, gammafunk_ghost_icy
D:7:      layout_rooms, zin_scriptorium, minmay_temple_entry_wispy,
          uniq_menkaure, uniq_prince_ribbit1
D:8:      wander_kiku_kobolds, layout_layer_cave, lair_entry_dummy,
          nicolae_underground_beach
D:9:      minmay_chambers_of_sixes, layout_loops_ring, cheibriados_altar_1
D:10:     layout_basic, kennysheep_generic_room_13
D:11:     layout_roguey [special_room_orc], portal_ice_cave_entry_imps,
          grunt_tough_drop
Temple:   oiseaux_autumnal_temple
IceCv:    ice_cave_small_necro

Skill      XL: |  1  2  3  4  5  6  7  8  9 10 11 |
---------------+----------------------------------+-----
Short Blades   | 5 6 7 8 10 11 12 13 | 13.7
Dodging        | 4 5 7 9 10 11 | 11.7
Fighting       | 3 4 6 7 9 10 | 10.6
Armour         | 3 5 |  5.0
Throwing       | |  2.1

Action                   |  1- 3 |  4- 6 |  7- 9 | 10-12 || total
-------------------------+-------+-------+-------+-------++-------
Melee: Rapier            |    50 |   208 |    15 |    95 ||   368
       Dagger            |       |    23 |   222 |   942 ||  1187
Throw: Throwing net      |     2 |     3 |       |     1 ||     6
       Stone             |       |     1 |       |       ||     1
       Dart              |       |       |       |     6 ||     6
Invok: Lunge             |       |       |       |    36 ||    36
       Whirlwind         |       |       |       |    10 ||    10
       Serpent's Lash    |       |       |       |     1 ||     1
 Abil: Wall Jump         |       |       |       |     1 ||     1
Evoke: Wand              |       |       |       |     7 ||     7
  Use: Scroll            |       |     8 |       |    17 ||    25
       Potion            |       |     2 |       |     5 ||     7
 Stab: Sleeping          |    12 |     7 |    13 |     1 ||    33
       Held in net/web   |     1 |       |       |     1 ||     2
       Distracted        |       |     2 |       |     1 ||     3
       Invisible         |       |       |       |     1 ||     1
Armor: Leather armour    |     9 |    35 |     9 |       ||    53
       Scale mail        |       |       |       |    78 ||    78
       Skin              |       |       |       |     6 ||     6
Dodge: Dodged            |    29 |   186 |    96 |   468 ||   779
Block: Other             |       |     4 |    27 |   121 ||   152
       Reflection        |       |       |       |     3 ||     3

Table legend: (Time is in decaauts)
 A = Elapsed time spent in this place.
 B = Non-inter-level travel time spent in this place.
 C = Inter-level travel time spent in this place.
 D = Time resting spent in this place.
 E = Time spent auto-exploring this place.
 F = Levels seen in this place.
 G = Mean time per level.
                   A        B        C        D        E       F      G
               +--------+--------+--------+--------+--------+-----+--------+
         Total |  14237 |  13554 |    683 |   2991 |   8329 |  13 | 1095.2 |
       Dungeon |  13885 |  13250 |    635 |   2991 |   8048 |  11 | 1262.3 |
        Temple |    331 |    283 |     48 |      0 |    281 |   1 |  331.0 |
      Ice Cave |     20 |     20 |      0 |      0 |      0 |   1 |   20.0 |
               +--------+--------+--------+--------+--------+-----+--------+

Top non-repeatable levels by time:
     D:8: 1910 daAuts
     D:3: 1881 daAuts
     D:6: 1512 daAuts
     D:1: 1478 daAuts
     D:2: 1403 daAuts
     D:4: 1364 daAuts
     D:5: 1120 daAuts
    D:10: 1112 daAuts
     D:9: 1022 daAuts
     D:7: 878 daAuts
  Temple: 331 daAuts
    D:11: 201 daAuts
   IceCv: 20 daAuts
